 Dungeon Crawl Stone Soup version 0.28.0-53-g5a82cb258f (webtiles) character file.

Game seed: 4643401252380573759

1682 Peloso the Carver (level 8, 0/70 HPs)
             Began as a Minotaur Fighter on June 28, 2022.
             Slain by Harold
             ... wielding a +0 glaive of protection
              (20 damage)
             ... on level 7 of the Dungeon.
             The game lasted 00:09:41 (4988 turns).

Peloso the Carver (Minotaur Fighter)                Turns: 4988, Time: 00:09:41

Health: 0/70       AC: 12    Str: 21    XL:     8   Next: 71%
Magic:  7/7        EV:  9    Int:  5    God:
Gold:   226        SH:  6    Dex: 18    Spells: 7/7 levels left

rFire   . . .      SeeInvis .   a - +0 long sword
rCold   + . .      Faith    .   c - +0 buckler
rNeg    . . .      Spirit   .   f - +0 chain mail
rPois   .          Reflect  .   (helmet restricted)
rElec   .          Harm     .   B - +1 cloak {Stlth+}
rCorr   .          Rampage  .   (no gloves)
Will    .....                   (no boots)
Stlth   ..........              k - amulet of regeneration
HPRegen 1.01/turn               g - ring of protection from cold
MPRegen 0.10/turn               o - +6 ring of dexterity

@: mighty
A: horns 2, retaliatory headbutt
a: no special abilities


You were on level 7 of the Dungeon.
You visited 1 branch of the dungeon, and saw 7 of its levels.

You collected 286 gold pieces.
You spent 60 gold pieces at shops.

Inventory:

Hand Weapons
 a - a +0 long sword (weapon)
 b - a -2 double sword of freezing
Missiles
 n - a throwing net (quivered)
Armour
 c - a +0 buckler (worn)
 f - a +0 chain mail (worn)
 r - a +0 scale mail of fire resistance
 B - a +1 cloak of stealth (worn)
Jewellery
 g - a ring of protection from cold (left hand)
 k - an amulet of regeneration (around neck)
 l - an amulet of guardian spirit
 o - a +6 ring of dexterity (right hand)
 t - a ring of ice
Wands
 x - a wand of polymorph (7)
 C - a wand of flame (15)
Scrolls
 e - a scroll of amnesia {unknown}
 h - 2 scrolls of fog
 j - 2 scrolls of fear {unknown}
 v - a scroll of torment {unknown}
 w - a scroll of enchant weapon {unknown}
 y - 3 scrolls of noise {unknown}
 z - a scroll of teleportation {unknown}
 E - a scroll of immolation {unknown}
Potions
 i - 4 potions of cancellation
 m - 2 potions of brilliance
 p - 2 potions of degeneration {unknown}
 q - a potion of attraction {unknown}
 s - a potion of invisibility {unknown}
 u - a potion of mutation {unknown}
 A - a potion of magic {unknown}
 D - a potion of curing {unknown}


   Skills:
 + Level 6.2 Fighting
 + Level 9.0 Long Blades
 + Level 7.3 Armour
 + Level 2.8 Dodging
 + Level 0.8 Stealth
 + Level 5.8 Shields
 + Level 0.3 Evocations


You had 7 spell levels left.
You didn't know any spells.
Your spell library contained the following spells:

 Spells                   Type           Power      Damage    Failure   Level
 Animate Skeleton         Necr           0%         N/A       99%         1
 Pain                     Necr           0%         1d4       99%         1
 Shock                    Conj/Air       0%         1d3       99%         1
 Swiftness                Air            0%         N/A       100%        3
 Vampiric Draining        Necr           0%         2d6       100%        3
 Airstrike                Air            0%         N/A       100%        4


Dungeon Overview and Level Annotations

Branches:
Dungeon (7/15)
 Temple: D:4-7

Altars:
Nemelex Xobeh

Shops:
D:4 *

Annotations:
D:7 Harold


Innate Abilities, Weirdness & Mutations

You have a pair of horns on your head.
You reflexively headbutt those who attack you in melee.


Message History

Done exploring.
Done exploring.
(D) Dungeon
Where to? (Enter - D:12, ? - help)
What level of the Dungeon? (default 1, ? - help)
Things that are here:
a +0 dagger; 5 stones
Items here: (( )).
There is a stone staircase leading down here.
You climb downwards.
Found a trident.
There is a stone staircase leading up here.
Sorry, I don't know how to get there.
Found 19 sling bullets.
You now have 226 gold pieces (gained 14).
Found a quarterstaff.
Harold the Weathered comes into view.
He is wielding a +0 glaive of protection.
Harold shouts!
Harold fires a harpoon shot at you. The harpoon shot hits you!
You are yanked forward by the harpoon shot.
Harold is nearby!
You hit Harold. You headbutt Harold, but do no damage.
Harold is lightly wounded.
Harold hits you with a +0 glaive of protection!
You hit Harold. You headbutt Harold.
Harold is lightly wounded.
Harold hits you with a +0 glaive of protection!
You closely miss Harold. You headbutt Harold.
Harold is lightly wounded.
You hit Harold. You headbutt Harold, but do no damage.
Harold is lightly wounded.
Harold hits you with a +0 glaive of protection.
You feel very mighty all of a sudden.
Harold hits you with a +0 glaive of protection!
* * * LOW HITPOINT WARNING * * *
You barely miss Harold.
Harold is lightly wounded.
Harold hits you with a +0 glaive of protection!!
You die...

#(#.#.# #.#.#.#
.### #.#.# # ...#
#...# .#.# #...#
...# #...###....)
#.#......#
#.#.####.######
#......@@......
....##.###.######
##### .. ... #.#
..... $. .......
#.........
...###### .#


You could see Harold.

Vanquished Creatures
  Grinder (D:6)
  Edmund (D:6)
  A water moccasin (D:6)
  A black bear (D:5)
  An orc warrior (D:4)
  A sky beast (D:5)
  2 ogres (D:5)
  2 kobold brigands
  Blork the orc (D:5)
  2 scorpions (D:5)
  2 howler monkeys
  A jelly (D:6)
  2 bullfrog zombies
  Crazy Yiuf (D:5)
  A bullfrog skeleton (D:4)
  2 iguanas (D:5)
  An orc wizard (D:5)
  Ijyb (D:5)
  A hound skeleton (D:4)
  5 adders
  2 shadow imps
  21 orcs
  5 bats
  5 endoplasms
  3 giant cockroaches
  7 goblins
  6 hobgoblins
  A quokka (D:3)
  5 ball pythons
  2 frilled lizards
  18 kobolds
  3 rats
108 creatures vanquished.

Vanquished Creatures (others)
  An orc wizard (D:4)
1 creature vanquished.

Grand Total: 109 creatures vanquished

Notes
Turn   | Place    | Note
-------+----------+-------------------------------------------
     0 | D:1      | Peloso the Minotaur Fighter began the quest for the Orb.
     0 | D:1      | Reached XP level 1. HP: 19/19 MP: 0/0
    30 | D:1      | Found a faded altar of an unknown god.
   205 | D:1      | Reached XP level 2. HP: 27/27 MP: 1/1
  1138 | D:2      | Reached skill level 3 in Long Blades
  1138 | D:2      | Reached XP level 3. HP: 28/33 MP: 2/2
  1845 | D:3      | Reached XP level 4. HP: 28/40 MP: 3/3
  1986 | D:3      | Found a sparkling altar of Nemelex Xobeh.
  2433 | D:4      | Reached skill level 1 in Dodging
  2446 | D:4      | Found Ytirchewutz's Lightly-Used Armoury.
  2488 | D:4      | Bought a -2 double sword for 60 gold pieces
  2560 | D:4      | Noticed an orc warrior
  2576 | D:4      | Killed an orc warrior
  2577 | D:4      | Reached skill level 4 in Long Blades
  2577 | D:4      | Reached XP level 5. HP: 35/46 MP: 4/4
  2841 | D:4      | Reached skill level 5 in Armour
  2987 | D:5      | Entered Level 5 of the Dungeon
  3049 | D:5      | Noticed an ogre
  3106 | D:5      | Reached XP level 6. HP: 53/53 MP: 5/5
  3199 | D:5      | Reached skill level 5 in Long Blades
  3258 | D:5      | Reached skill level 5 in Shields
  3416 | D:5      | Noticed Blork the orc
  3419 | D:5      | Noticed Ijyb
  3426 | D:5      | Killed Blork the orc
  3427 | D:5      | Reached XP level 7. HP: 53/60 MP: 6/6
  3431 | D:5      | Killed Ijyb
  3437 | D:5      | Reached skill level 5 in Fighting
  3447 | D:5      | Reached skill level 6 in Long Blades
  3606 | D:5      | Found a runed translucent door.
  3607 | D:5      | Noticed Crazy Yiuf
  3933 | D:5      | Killed Crazy Yiuf
  4003 | D:5      | Reached skill level 7 in Long Blades
  4133 | D:5      | Reached XP level 8. HP: 44/70 MP: 7/7
  4178 | D:6      | Reached skill level 8 in Long Blades
  4209 | D:6      | Noticed Edmund
  4226 | D:6      | Killed Edmund
  4478 | D:6      | Noticed Grinder
  4489 | D:6      | Paralysed by Grinder for 6 turns
  4501 | D:6      | Killed Grinder
  4519 | D:6      | Reached skill level 9 in Long Blades
  4982 | D:7      | Noticed Harold
  4988 | D:7      | Slain by Harold

Illustrated notes

Levels and vault maps discovered:
D:1:      onia_arrival_pentagram, layout_loops_corners,
          ebering_ecumenical_altar_petrified, minivault_5,
          minmay_misc_feat_enclosed
D:2:      layout_rooms, minmay_hedge_maze
D:3:      layout_rooms, nemelex_spade_bored_becter
D:4:      layout_rooms, serial_glass, glass_columns_a, glass_columns_c,
          minmay_misc_feat_nine_boxes, minmay_misc_feat_columns,
          minmay_shop_damaged, kennysheep_minor_cross
D:5:      layout_loops_cross, uniq_blork_the_orc, uniq_crazy_yiuf_cottage,
          uniq_ijyb
D:6:      layout_loops_ring, st_stairs_9, uniq_edmund, uniq_grinder
D:7:      minmay_razor_zed, layout_basic, minmay_temple_entry_fiery,
          gammafunk_ghost_necromancy, minmay_statues_item,
          chequers_serial_rivers_large_a, hangedman_misty_isle, uniq_harold,
          uniq_maggie, uniq_prince_ribbit1

Skill      XL: |  1  2  3  4  5  6  7  8 |
---------------+-------------------------+-----
Shields        | 4 5 |  5.8
Long Blades    | 3 4 5 7 9 |  9.0
Armour         | 4 5 6 7 |  7.3
Fighting       | 4 5 6 |  6.2
Dodging        | 1 2 |  2.8
Stealth        | |  0.8
Evocations     | |  0.3

Action                   |  1- 3 |  4- 6 |  7- 9 || total
-------------------------+-------+-------+-------++-------
Melee: Long sword        |    92 |   137 |   123 ||   352
       Headbutt          |    17 |    18 |    30 ||    65
Evoke: Wand              |       |       |     5 ||     5
  Use: Scroll            |     4 |     2 |     2 ||     8
       Potion            |       |       |     1 ||     1
Armor: Scale mail        |    40 |     8 |       ||    48
       Chain mail        |       |    46 |    62 ||   108
Dodge: Dodged            |    47 |    41 |    35 ||   123
Block: Buckler           |    30 |    31 |    30 ||    91
